 Dungeon Crawl Stone Soup version 0.19.5 (console) character file.

151 Grinner the Ducker (level 5, -8/27 HPs)
             Began as a Spriggan Monk on Mar 6, 2017.
             Was a Follower of Okawaru.
             Mangled by Grinder (10 damage)
             ... while paralysed by Grinder
             ... on level 4 of the Dungeon.
             The game lasted 00:08:41 (3277 turns).

Grinner the Ducker (Spriggan Monk)                  Turns: 3277, Time: 00:08:42

Health: -8/27      AC:  2    Str:  8    XL:     5   Next: 10%
Magic:  5/6        EV:  4    Int: 12    God:    Okawaru [*.....]
Gold:   193        SH:  0    Dex: 18    Spells: 0 memorised, 4 levels left

rFire  . . .     SeeInvis +     a - +0 falchion
rCold  . . .     Gourm    .     i - +0 robe
rNeg   . . .     Faith    .     (shield restricted)
rPois  .         Spirit   .     (helmet restricted)
rElec  .         Reflect  .     (no cloak)
rCorr  .         Harm     .     (gloves unavailable)
MR     .....                    (boots unavailable)
Stlth  +.........               (no amulet)
                                (no ring)
                                j - ring of wizardry

@: paralysed, contaminated, glowing, very quick
A: unfitting armour, see invisible, herbivore 3, speed 3, slow metabolism 2
a: Heroism, Renounce Religion


You were on level 4 of the Dungeon.
You worshipped Okawaru.
Okawaru was aware of your devotion.
You were hungry.

You visited 2 branches of the dungeon, and saw 5 of its levels.

You collected 193 gold pieces.

Inventory:

Hand Weapons
 a - a +0 falchion (weapon)
 b - a +0 dagger of venom
 o - the +5 spear of Leqoteipt {venom, *Contam rPois Str+4 Dex+3}
   (You found it on level 4 of the Dungeon)

   It poisons the flesh of those it strikes.
   It affects your strength (+4).
   It affects your dexterity (+3).
   It protects you from poison.
   It causes magical contamination when unequipped.
Armour
 i - a +0 robe (worn)
Jewellery
 j - a ring of wizardry (left hand)
Wands
 l - a wand of confusion (30/48)
Scrolls
 e - a scroll of random uselessness {unknown}
 f - a scroll of teleportation
 g - a scroll of amnesia {unknown}
 m - a scroll of noise {unknown}
 n - a scroll of immolation {unknown}
Potions
 d - a potion of magic
Comestibles
 c - 2 bread rations
 h - a slice of pizza
 k - 5 fruits


   Skills:
 - Level 2.4 Fighting
 * Level 4.2 Long Blades
 + Level 0.0 Polearms
 + Level 6.0 Dodging
 - Level 3.0 Stealth


You had 4 spell levels left.
You didn't know any spells.

Dungeon Overview and Level Annotations

Branches:
Dungeon (4/15)             Temple (1/1) D:4

Altars:
Ashenzari
Elyvilon
Fedhas
Kikubaaqudgha
Makhleb
Nemelex Xobeh
Okawaru
Qazlal
Sif Muna
Trog
Vehumet
Xom
Yredelemnul
Zin
The Shining One

Annotations:
D:3 rozman's ghost, amateur SpEn
D:4 Eustachio; Grinder; Pikel; Psyclone's ghost, amateur DEFE


Innate Abilities, Weirdness & Mutations

You are very small and have problems with some larger weapons.
You are too small for most types of armour.
You have supernaturally acute eyesight. (SInv)
You are a herbivore.
You cover ground extremely quickly.
You need consume almost no food.


Message History

You are contaminated with residual magic.
The +5 spear of Leqoteipt {venom, *Contam rPois Str+4 Dex+3} stops dripping with poison.
a - a +0 falchion (weapon)
Grinder misses you.
You hit Grinder.
Grinder is severely wounded.
You hit Grinder.
Grinder is severely wounded.
You feel like a meek peon again.
Grinder says, "Tell me all your secrets, or I'll kill you."
Grinder blinks!
Grinder gestures at you.
You suddenly lose the ability to move!
Grinder hits you!
* * * LOW HITPOINT WARNING * * *
You writhe in agony.
* * * LOW HITPOINT WARNING * * *
Grinder says, "FISH!"
Grinder hits you!
You die...

######.# #.# ##
#.# ##.#
.#####.#### #..#
.......##.## #.##
.........#.#####
#.#
#####..........##
#.# #.###..###..#
#.# #.# #.##
##5#####.#
#.#...# #.@.....#
#...### ###...###
#..# ##..# #..
#..# #..# #..#
..## ..## ##


You could see Grinder.

Vanquished Creatures
  A worker ant (D:4)
  5 adders
  An ooze (D:1)
  A dart slug (D:2)
  2 leopard geckos
  6 orcs
  2 giant cockroaches (D:2)
  8 goblins
  6 hobgoblins
  4 jackals (D:1)
  2 quokkas
  3 ball pythons
  6 bats
  5 frilled lizards
  11 kobolds
  6 rats
69 creatures vanquished.

Notes
Turn   | Place    | Note
-------+----------+-------------------------------------------
     0 | D:1      | Grinner the Spriggan Monk began the quest for the Orb.
     0 | D:1      | Reached XP level 1. HP: 11/11 MP: 2/2
   105 | D:1      | Reached XP level 2. HP: 16/16 MP: 3/3
   751 | D:1      | Reached skill level 5 in Dodging
   759 | D:1      | Reached XP level 3. HP: 15/19 MP: 4/4
  1612 | D:2      | Reached XP level 4. HP: 23/23 MP: 5/5
  2208 | D:3      | Found a glowing golden altar of the Shining One.
  2369 | D:3      | Noticed rozman's ghost (amateur SpEn)
  2731 | D:4      | Found a shattered altar of Ashenzari.
  2745 | D:4      | Noticed Eustachio
  2756 | D:4      | Noticed a slave
  2757 | D:4      | Noticed Pikel
  2761 | D:4      | Noticed a slave
  2765 | D:4      | Noticed a slave
  2768 | D:4      | Noticed a slave
  2927 | D:4      | Reached skill level 6 in Dodging
  2927 | D:4      | Reached XP level 5. HP: 15/27 MP: 6/6
  2936 | D:4      | Noticed Psyclone's ghost (amateur DEFE)
  2967 | D:4      | Found a staircase to the Ecumenical Temple.
  2984 | D:4      | Got a bloodstained spear
  2990 | Temple   | Entered the Ecumenical Temple
  3167 | Temple   | Became a worshipper of Warmaster Okawaru
  3167 | Temple   | Reached * piety under Okawaru
  3167 | Temple   | Reached ** piety under Okawaru
  3168 | Temple   | Identified the +5 spear of Leqoteipt {venom, *Contam rPois Str+4 Dex+3} (You found it on level 4 of the Dungeon)
  3226 | D:4      | Noticed Grinder
  3275 | D:4      | Paralysed by Grinder for 2 turns
  3276 | D:4      | HP: 1/27 [Grinder (3)]
  3277 | D:4      | Mangled by Grinder

Skill      XL: |  1  2  3  4 |
---------------+-------------+-----
Long Blades    | 3 4 |  4.2
Dodging        | 5 6 |  6.0
Fighting       | |  2.4
Stealth        | |  3.0

Action                   |  1- 3 |  4- 6 || total
-------------------------+-------+-------++-------
Melee: Falchion          |   137 |    97 ||   234
       Dagger            |       |    15 ||    15
       Spear             |       |     5 ||     5
Invok: Heroism           |       |     1 ||     1
  Use: Potion            |       |     5 ||     5
       Scroll            |       |     1 ||     1
 Stab: Sleeping          |     7 |     1 ||     8
       Distracted        |       |     1 ||     1
Armor: Robe              |    12 |     5 ||    17
Dodge: Dodged            |   162 |   104 ||   266
       Rpst.: Falchion   |    47 |    31 ||    78
